 Dungeon Crawl Stone Soup version 0.30-a0-622-gddc90eaa04 (webtiles) character file.

Game seed: 1389106044960071409

71 ragingrage the Sneak (level 4, 0/39 HPs)
             Began as a Naga Warper on Jan 10, 2023.
             Slain by a goblin
             ... wielding a +0 club
             ... led by Robin
              (2 damage)
             ... on level 1 of the Dungeon.
             The game lasted 00:02:15 (1679 turns).

ragingrage the Sneak (Naga Warper)                  Turns: 1679, Time: 00:02:16

Health: 0/39       AC:  2    Str: 19    XL:     4   Next: 24%
Magic:  7/7        EV:  9    Int: 13    God:
Gold:   74         SH:  0    Dex: 13    Spells: 7/7 levels left

rFire   . . .      SeeInvis +    a - +0 falchion
rCold   . . .      Faith    .    (no shield)
rNeg    . . .      Spirit   .    e - +0 leather armour
rPois   +          Reflect  .    (no helmet)
rElec   .          Harm     .    (no cloak)
rCorr   .          Rampage  .    (no gloves)
Will    .....                    (no barding)
Stlth   ++                       (no amulet)
HPRegen 0.26/turn                k - +6 ring of strength
MPRegen 0.10/turn                (no ring)

@: very slow
A: AC +1, large, see invisible, deformed body, poison resistance, slowness 2,
spit poison 1, naga tail 1
a: Spit Poison


You were on level 1 of the Dungeon.
You visited 1 branch of the dungeon, and saw 2 of its levels.

You collected 74 gold pieces.

Inventory:

Hand Weapons
 a - a +0 falchion (weapon)
 b - a +0 dagger of freezing
 m - a +0 dagger
Missiles
 d - 6 boomerangs of dispersal (quivered)
Armour
 e - a +0 leather armour (worn)
Jewellery
 k - a +6 ring of strength (left hand)
Scrolls
 c - a scroll of blinking
 g - a scroll of teleportation {unknown}
 h - a scroll of identify {unknown}
 i - a scroll of enchant armour {unknown}
Potions
 f - a potion of attraction {unknown}
 j - a potion of lignification {unknown}
 l - a potion of magic {unknown}


   Skills:
 - Level 2.0 Fighting
 + Level 3.5 Long Blades
 - Level 0.8 Throwing
 - Level 0.7 Armour
 - Level 1.5 Dodging
 + Level 3.8 Stealth
 - Level 2.0 Spellcasting
 - Level 3.0 Translocations


You had 7 spell levels left.
You didn't know any spells.
Your spell library contained the following spells:

 Spells                   Type           Power      Damage    Failure   Level
 Blink                    Tloc           18%        N/A       13%         2
 Lesser Beckoning         Tloc           18%        N/A       26%         3
 Teleport Other           Tloc           9%         N/A       26%         3
 Vhi's Electric Charge    Tloc/Air       10%        N/A       43%         3
 Manifold Assault         Tloc           9%         N/A       65%         4


Dungeon Overview and Level Annotations

Branches:
Dungeon (2/15)

Altars:
Dithmenos


Innate Abilities, Weirdness & Mutations

Your serpentine skin is tough. (AC +1)
You have supernaturally acute eyesight. (SInv)
Armour fits poorly on your strangely shaped body.
Your system is resistant to poisons. (rPois)
You cover ground very slowly.
You can spit poison.
You have a snake-like lower body.


Message History

You start resting.
HP restored.
There is a stone staircase leading down, spattered with blood here.
You swing at nothing.
You climb downwards.
The goblin hits you with a +0 club. The goblin closely misses you.
The goblin hits you with a +0 club.
There is a stone staircase leading up, spattered with blood here.
The goblin hits you with a +0 club. The goblin hits you with a +0 dagger.
The goblin hits you with a +0 club. The hobgoblin hits you.
You climb upwards.
There is a stone staircase leading down, spattered with blood here.
You hit the goblin but do no damage. The goblin hits you with a +0 club. x2
The goblin barely misses you. x2
You hit the goblin.
The goblin is heavily wounded.
The goblin hits you but does no damage. The goblin hits you with a +0 club.
You closely miss the goblin.
The goblin is heavily wounded.
The goblin closely misses you. The goblin barely misses you.
You completely miss the goblin.
The goblin is heavily wounded.
The goblin hits you with a +0 club.
* * * LOW HITPOINT WARNING * * *
The goblin hits you with a +0 club.
* * * LOW HITPOINT WARNING * * *
You hit the goblin but do no damage.
The goblin is heavily wounded.
The goblin hits you with a +0 club.
* * * LOW HITPOINT WARNING * * *
The goblin hits you with a +0 club.
* * * LOW HITPOINT WARNING * * *
You barely miss the goblin.
The goblin is heavily wounded.
The goblin hits you but does no damage. The goblin closely misses you.
You hit the goblin but do no damage.
The goblin is heavily wounded.
The goblin hits you with a +0 club.
* * * LOW HITPOINT WARNING * * *
The goblin hits you with a +0 club.
You die...

........# #.......# ........#
#.......# ........# #.......#
........####.......#
.............).....##
....................#
........†...........#
........###########.#
..............gg@gg.#
#.#########.#########
#.............# ###..##...#.#.#
##..##..###.# ##........##.#
#..........#.###################
#..........#....................
##........######################


You could see a hobgoblin and 3 goblins.

Vanquished Creatures
  Terence (D:2)
  Robin (D:1)
  A worm (D:2)
  7 bats (D:1)
  An endoplasm (D:1)
  A giant cockroach (D:1)
  10 goblins
  4 hobgoblins
  A frilled lizard (D:1)
  2 kobolds (D:1)
  3 rats
32 creatures vanquished.

Notes
Turn   | Place    | Note
-------+----------+-------------------------------------------
     0 | D:1      | ragingrage the Naga Warper began the quest for the Orb.
     0 | D:1      | Reached XP level 1. HP: 19/19 MP: 3/3
   103 | D:1      | Found a faded altar of an unknown god.
   163 | D:1      | Reached skill level 1 in Stealth
   163 | D:1      | Reached XP level 2. HP: 15/26 MP: 5/5
  1118 | D:2      | Found a shadowy altar of Dithmenos.
  1131 | D:1      | Reached XP level 3. HP: 16/32 MP: 6/6
  1223 | D:2      | Noticed Robin
  1427 | D:2      | Noticed Terence
  1454 | D:2      | Killed Terence
  1510 | D:1      | Killed Robin
  1511 | D:1      | Reached XP level 4. HP: 34/39 MP: 7/7
  1679 | D:1      | Slain by a goblin

Illustrated notes

Levels and vault maps discovered:
D:1:      dpeg_arrival_orchard, layout_basic,
          ebering_ecumenical_altar_abandoned, st_stairs_5,
          minmay_misc_feat_nine_boxes
D:2:      layout_rooms, basic_altar, uniq_terence, uniq_jessica, uniq_robin

Skill      XL: |  1  2  3 |
---------------+----------+-----
Stealth        | 1 2 3 |  3.8
Long Blades    | 3 |  3.5
Fighting       | |  2.0
Throwing       | |  0.8
Armour         | |  0.7
Dodging        | |  1.5
Spellcasting   | |  2.0
Translocations | |  3.0

Action                   |  1- 3 |  4- 6 || total
-------------------------+-------+-------++-------
Melee: Falchion          |    87 |    15 ||   102
Throw: Boomerang         |     1 |       ||     1
 Abil: Spit Poison       |     9 |     1 ||    10
 Stab: Sleeping          |     1 |       ||     1
Armor: Leather armour    |    42 |     5 ||    47
Dodge: Dodged            |    55 |    12 ||    67

Table legend: (Time is in decaauts)
 A = Elapsed time spent in this place.
 B = Non-inter-level travel time spent in this place.
 C = Inter-level travel time spent in this place.
 D = Time resting spent in this place.
 E = Time spent auto-exploring this place.
 F = Levels seen in this place.
 G = Mean time per level.
                   A        B        C        D        E       F      G
               +--------+--------+--------+--------+--------+-----+--------+
         Total |   2042 |   1958 |     84 |    587 |   1019 |   2 | 1021.0 |
       Dungeon |   2042 |   1958 |     84 |    587 |   1019 |   2 | 1021.0 |
               +--------+--------+--------+--------+--------+-----+--------+

Top non-repeatable levels by time:
     D:1: 1815 daAuts
     D:2: 226 daAuts
